 Dungeon Crawl Stone Soup version 0.26-a0-598-g61e6210cf4 (webtiles) character file.

Game seed: 15715676905323716443

495 MrRokkomies the Ducker (level 6, -3/27 HPs)
             Began as a Felid Ice Elementalist on Aug 28, 2020.
             Was a Follower of Sif Muna.
             Killed by divine providence
             ... invoked by an orc priest
              (15 damage)
             ... on level 4 of the Dungeon.
             The game lasted 00:11:55 (6344 turns).

MrRokkomies the Ducker (Felid Ice Elementalist)     Turns: 6344, Time: 00:11:56

Health: -3/27      AC:  2    Str:  4    XL:     6   Next: 92%
Magic:  9/12       EV: 22    Int: 18    God:    Sif Muna [*.....]
Gold:   240        SH:  0    Dex: 17    Spells: 0/11 levels left
                                        Lives:  0   Deaths: 1

rFire    . . .     SeeInvis +   (weapon unavailable)
rCold    . . .     Faith    .   (shield unavailable)
rNeg     . . .     Spirit   .   (armour unavailable)
rPois    .         Reflect  .   (helmet unavailable)
rElec    .         Harm     .   (cloak unavailable)
rCorr    .                      (gloves unavailable)
MR       .....                  (boots unavailable)
Stlth    +++.......             (no amulet)
HPRegen  0.09/turn              (no ring)
MPRegen  0.13/turn              (no ring)

@: frozen ramparts, quick
A: very small, no armour, no weapons or thrown items, stealth, claws 1, fangs 3,
see invisible, speed 1, shaggy fur 2, sharp paws
a: Channel Magic, Renounce Religion


You were on level 4 of the Dungeon.
You worshipped Sif Muna.
Sif Muna was aware of your devotion.
You visited 1 branch of the dungeon, and saw 5 of its levels.

You collected 240 gold pieces.

Inventory:

Scrolls
 d - a scroll of immolation
 h - 2 scrolls of remove curse
Potions
 a - a potion of flight
 b - a potion of ambrosia
 e - a potion of berserk rage
 f - a potion of lignification {unknown}
 g - 2 potions of magic
 m - 2 potions of brilliance


   Skills:
 + Level 2.7 Fighting
 * Level 6.4 Dodging
 - Level 2.6 Stealth
 + Level 3.4 Spellcasting
 * Level 5.4 Ice Magic


You couldn't memorise any spells.
You knew the following spells:

 Your Spells              Type           Power        Failure   Level
a - Freeze                Ice            ###.         1%          1
b - Frozen Ramparts       Ice            ###...       4%          3
c - Ozocubu's Armour      Ice            ###.....     4%          3
d - Summon Ice Beast      Ice/Summ       ##......     45%         4

Your spell library contained the following spells:

 Spells                   Type           Power        Failure   Level
 Hailstorm                Conj/Ice       ##......     45%         4


Dungeon Overview and Level Annotations

Branches:
Dungeon (5/15)
 Temple: D:4-7

Altars:
Ashenzari
Fedhas
Gozag
Kikubaaqudgha
Makhleb
Qazlal
Sif Muna
Xom
The Shining One


Innate Abilities, Weirdness & Mutations

You cannot wear armour.
You are incapable of wielding weapons or throwing items.
Your paws allow you to move quietly. (Stealth)
You have sharp claws.
You have razor-sharp teeth.
You have supernaturally acute eyesight. (SInv)
You cover ground quickly.
You are covered in thick fur. (AC +2)
Your sharp claws are effective at attacking unaware monsters.


Message History

You climb upwards.
There is a stone staircase leading down here.
Okay, then.
Unknown command.
Okay, then.
The orc warrior hits you from afar with a +4 glaive!!
Ouch! That really hurt!
* * * LOW HITPOINT WARNING * * *
The orc priest completely misses you.
You feel better. The orc priest barely misses you.
Okay, then.
Unknown command.
Casting: Freeze (safe; 1% risk of failure)
Confirm with . or Enter, or press ? or * to list all spells.
The spell is quite dangerous to cast (4% risk of failure)!
Continue anyway?
The walls around you are covered in ice.
The orc priest mumbles some strange prayers to Beogh against you.
Beogh smites you!
Ouch! That really hurt!
You die...

.###...........# #..........?.PP.
.............).# #...............
####...........# #............#.#
...............# #...........[...
###............# #............#.#
...............# #............#.#
..##(..........# #............#..
.)+............######)#######.###
..##............@.o.W(.######.#
..##....#######...o........##.#
..##....# #.....>......##.#
..##....# #............##.###
..##....# #.............#....
..##....# #.............#####
..##....# #........####.#...#
..##....#######........####.#.#..
..##....#.....................###


You could see a phantom, an orc warrior and an orc priest.

Vanquished Creatures
  A centaur (D:4)
  A scorpion (D:4)
  3 vampire bats (D:4)
  2 hounds (D:4)
  2 orc wizards (D:4)
  3 worker ants (D:4)
  A hound skeleton (D:4)
  4 gnolls (D:3)
  2 adders
  An adder skeleton (D:4)
  A leopard gecko (D:1)
  3 orcs (D:4)
  A bat skeleton (D:4)
  5 bat zombies (D:4)
  2 giant cockroaches
  2 goblins
  11 hobgoblins
  A quokka (D:3)
  2 ball pythons
  11 bats
  6 frilled lizards
  12 kobolds
  6 rats
83 creatures vanquished.

Notes
Turn   | Place    | Note
-------+----------+-------------------------------------------
     0 | D:1      | MrRokkomies the Felid Ice Elementalist began the quest for
                  | the Orb.
     0 | D:1      | Reached XP level 1. HP: 7/7 MP: 4/4
   226 | D:1      | Reached skill level 3 in Dodging
   506 | D:1      | Reached XP level 2. HP: 12/12 MP: 6/6
  1195 | D:1      | Reached XP level 3. HP: 13/15 MP: 3/7
  1200 | D:1      | Learned a level 3 spell: Frozen Ramparts
  1288 | D:2      | You fall into a shaft and drop 1 floor!
  1346 | D:2      | Found a shimmering blue altar of Sif Muna.
  1350 | D:2      | Found an opulent altar of Gozag.
  1355 | D:2      | Became a worshipper of Sif Muna the Loreminder
  2051 | D:3      | Found a stormy altar of Qazlal.
  2073 | D:3      | Reached skill level 1 in Fighting
  2678 | D:3      | Reached skill level 4 in Dodging
  2722 | D:3      | Reached XP level 4. HP: 15/19 MP: 4/8
  3155 | D:3      | Reached * piety under Sif Muna
  3665 | D:3      | Found a shattered altar of Ashenzari.
  3667 | D:3      | Found a blossoming altar of Fedhas.
  3667 | D:3      | Found a sacrificial altar of Ru.
  3670 | D:3      | Found a shimmering altar of Xom.
  3670 | D:3      | Found a burning altar of Makhleb.
  3670 | D:3      | Found a burning altar of Makhleb.
  3846 | D:4      | Learned a level 3 spell: Ozocubu's Armour
  3918 | D:4      | Reached XP level 5. HP: 8/22 MP: 10/10
  4213 | D:4      | Found a blossoming altar of Fedhas.
  4219 | D:4      | Noticed a centaur
  4656 | D:4      | Shot with an arrow by a centaur
  4657 | D:4      | Reached XP level 4. HP: -2/19 MP: 9/9
  4677 | D:4      | Reached skill level 5 in Dodging
  4677 | D:4      | Reached XP level 5. HP: 22/22 MP: 5/10
  4821 | D:4      | Noticed a phantom
  5259 | D:4      | Killed a centaur
  5259 | D:4      | Reached skill level 5 in Ice Magic
  5259 | D:4      | Gained mutation: You are covered in thick fur. (AC +2)
                  | [Felid growth]
  5259 | D:4      | Reached XP level 6. HP: 11/27 MP: 0/11
  5270 | D:4      | Learned a level 4 spell: Summon Ice Beast
  5698 | D:4      | Found an ancient bone altar of Kikubaaqudgha.
  5745 | D:4      | Reached skill level 6 in Dodging
  6253 | D:4      | Found a glowing golden altar of the Shining One.
  6335 | D:5      | Entered Level 5 of the Dungeon
  6335 | D:5      | Noticed a water moccasin
  6335 | D:5      | Noticed an orc warrior
  6344 | D:4      | Killed from afar by an orc priest

Illustrated notes

Levels and vault maps discovered:
D:1:      zaba_arrival_water, layout_rooms
D:2:      layout_basic, grunt_temple_overflow_open
D:3:      layout_basic, overflow_temple_1_default, doesnt_xom_only_xom
D:4:      layout_basic, marbit_many_paths, kennysheep_vampire_church,
          fedhas_bush_and_centaur_altar
D:5:      layout_rooms, minmay_temple_entry_large_hall,
          kennysheep_generic_room_16

Skill      XL: |  1  2  3  4  5  6 |
---------------+-------------------+-----
Dodging        | 3 4 5 6 |  6.4
Fighting       | 1 2 |  2.7
Ice Magic      | 4 5 |  5.4
Spellcasting   | 3 |  3.4
Stealth        | |  2.6

Action                   |  1- 3 |  4- 6 || total
-------------------------+-------+-------++-------
Melee: Unarmed           |    65 |    82 ||   147
       Bite              |     1 |     7 ||     8
 Cast: Freeze            |    49 |    31 ||    80
       Frozen Ramparts   |     2 |    17 ||    19
       Ozocubu's Armour  |       |     2 ||     2
  Use: Scroll            |    12 |     4 ||    16
       Potion            |       |     1 ||     1
 Stab: Sleeping          |     6 |     5 ||    11
Armor: Skin              |     9 |    22 ||    31
Dodge: Dodged            |   108 |   184 ||   292

Table legend: (Time is in decaauts)
 A = Elapsed time spent in this place.
 B = Non-inter-level travel time spent in this place.
 C = Inter-level travel time spent in this place.
 D = Time resting spent in this place.
 E = Time spent auto-exploring this place.
 F = Levels seen in this place.
 G = Mean time per level.
                   A        B        C        D        E       F      G
               +--------+--------+--------+--------+--------+-----+--------+
         Total |   5751 |   5599 |    152 |   1151 |   3602 |   5 | 1150.2 |
       Dungeon |   5751 |   5599 |    152 |   1151 |   3602 |   5 | 1150.2 |
               +--------+--------+--------+--------+--------+-----+--------+

Top non-repeatable levels by time:
     D:4: 2314 daAuts
     D:3: 1572 daAuts
     D:1: 1201 daAuts
     D:2: 661 daAuts
     D:5: 1 daAuts
